 Dungeon Crawl Stone Soup version 0.32-a0-576-g706899e69d (webtiles) character file.

Game seed: 13649699296652303764

201 BeKind the Ducker (level 5, -3/37 HPs)
             Began as an Octopode Fighter on Mar 1, 2024.
             Slain by Sigmund
             ... wielding a +0 scythe
              (11 damage)
             ... on level 4 of the Dungeon.
             The game lasted 00:02:49 (2253 turns).

BeKind the Ducker (Octopode Fighter)                Turns: 2253, Time: 00:02:50

Health: -3/37      AC:  1    Str: 18    XL:     5   Next: 79%
Magic:  7/7        EV: 13    Int: 10    God:
Gold:   118        SH:  4    Dex: 11    Spells: 5/7 levels left

rFire   . . .        a - +0 trident
rCold   . . .        b - +0 buckler
rNeg    . . .        (helmet restricted)
rPois   .            (no amulet)
rElec   .            (no ring)
rCorr   .            (no ring)
SInv    .            (no ring)
Will    .....        (no ring)
Stlth   ++           (no ring)
HPRegen 0.26/turn    (no ring)
MPRegen 0.10/turn    (no ring)
                     (no ring)

%: no passive effects
@: mighty
A: almost no armour, amphibious, 8 rings, camouflage 1, gelatinous body 1,
(nimble swimmer 1), tentacles
a: no special abilities


You were on level 4 of the Dungeon.
You visited 1 branch of the dungeon, and saw 4 of its levels.

You collected 118 gold pieces.

Inventory:

Hand Weapons
 a - a +0 trident (weapon)
Armour
 b - a +0 buckler (worn)
Wands
 h - a wand of warping (9)
Scrolls
 e - 5 scrolls of identify {unknown}
 g - a scroll of enchant armour {unknown}
 j - a scroll of immolation {unknown}
 k - a scroll of revelation {unknown}
 l - a scroll of fear {unknown}
Potions
 c - a potion of might
 d - 2 potions of resistance {unknown}
 f - 3 potions of heal wounds {unknown}
 i - 2 potions of berserk rage {unknown}


   Skills:
 + Level 3.9 Fighting
 + Level 3.1 Polearms
 + Level 3.9 Dodging
 + Level 3.9 Shields
 + Level 1.5 Spellcasting


You had 5 spell levels left.
You knew the following spells:

 Your Spells              Type           Power      Damage    Failure   Level
a - Call Imp              Summ           0%         N/A       54%         2

Your spell library contained the following spells:

 Spells                   Type           Power      Damage    Failure   Level
 Freeze                   Ice            0%         1d3       38%         1
 Cigotuvi's Dreadful Rot  Necr/Alch/Air  0%         N/A       54%         2
 Sublimation of Blood     Necr           0%         N/A       54%         2
 Frozen Ramparts          Ice            0%         1d1       77%         3
 Hailstorm                Conj/Ice       0%         3d5       77%         3
 Ignite Poison            Fire/Alch      0%         N/A       99%         4
 Freezing Cloud           Conj/Ice/Air   0%         6-21      100%        5
 Summon Hydra             Summ           0%         N/A       100%        7


Dungeon Overview and Level Annotations

Branches:
Dungeon (4/15)
 Temple: D:4-7

Altars:
Ashenzari
Xom
The Shining One

Annotations:
D:4 Eustachio, Sigmund


Innate Abilities, Weirdness & Mutations

You cannot wear most types of armour.
You are amphibious.
You can wear up to eight rings at the same time.
Your skin changes colour to match your surroundings (Stealth+).
Your rubbery body absorbs attacks. (AC +1, EV +1)
((You are camouflaged when in or above water. (Stealth+)))
You have tentacles for arms and can constrict up to eight enemies at once.


Message History

No target in view!
No target in view!
No target in view!
No target in view!
You now have 118 gold pieces (gained 8).
Things that are here:
5 stones; a hobgoblin corpse
Found a leather armour.
e - 5 scrolls labelled AMOHEM FIJACH (gained 1)
Found a stone staircase leading down.
Sigmund the Dreaded comes into view.
He is wielding a +0 scythe.
Sigmund gestures wildly while chanting.
Sigmund flickers and vanishes!
Deactivating autopickup; reactivate with Ctrl-A.
You feel very mighty all of a sudden. Something hits you!
You hear some strange, mumbled words.
A puff of flame appears from out of thin air!
The puff of flame hits you!
You barely miss something. Something hits you but does no damage.
You completely miss something.
You hear some strange, mumbled words.
You are confused.
You miss something. Something hits you.
You bump into the rock wall.
You completely miss something. Your squeeze misses something.
Something barely misses you.
You closely miss something. Something hits you but does no damage.
You bump into the rock wall.
Eustachio the Magnificent comes into view.
He is wielding a +0 falchion.
Something barely misses you.
You barely miss something.
Eustachio shouts!
Your squeeze misses something.
You bump into the rock wall.
You feel less confused. Something hits you!
* * * LOW HITPOINT WARNING * * *
You barely miss something. Something hits you!
You die...

##.##### #.# #...@.{#
#.# #@# #.# #.# #.#
###.# #.# #...# #.#
#.### #.#
#.#...###.############
#.....................
#>.................^..
#...##.################


You could see Eustachio.

Vanquished Creatures
  A scorpion (D:4)
  2 orc wizards
  2 adders
  3 ribbon worms
  9 orcs
  A ball python (D:1)
  11 endoplasms
  3 giant cockroaches
  4 goblins
  4 hobgoblins
  2 jackals (D:1)
  2 quokkas (D:1)
  5 bats
  A frilled lizard (D:1)
  7 kobolds
  4 rats
61 creatures vanquished.

Notes
Turn   | Place    | Note
-------+----------+-------------------------------------------
     0 | D:1      | BeKind the Octopode Fighter began the quest for the Orb.
     0 | D:1      | Reached XP level 1. HP: 16/16 MP: 1/1
    50 | D:1      | Reached XP level 2. HP: 21/21 MP: 2/2
   110 | D:1      | Found a faded altar of an unknown god.
   352 | D:1      | Reached XP level 3. HP: 16/26 MP: 3/3
   447 | D:1      | You fall into a shaft and drop 1 floor!
   510 | D:2      | Learned a level 2 spell: Call Imp
  1184 | D:3      | Found a broken altar of Ashenzari.
  1190 | D:3      | Reached XP level 4. HP: 31/31 MP: 4/4
  1311 | D:3      | Found a shimmering altar of Xom.
  1877 | D:4      | Reached skill level 1 in Spellcasting
  1922 | D:4      | Reached XP level 5. HP: 12/37 MP: 6/6
  2041 | D:4      | Found a glowing golden altar of the Shining One.
  2239 | D:4      | Noticed Sigmund
  2250 | D:4      | Noticed Eustachio
  2253 | D:4      | Slain by Sigmund

Illustrated notes

Levels and vault maps discovered:
D:1:      erik_arrival_blinker_ship, layout_loops_ring,
          hellmonk_ecumenical_altar_zigzags
D:2:      layout_loops_ring
D:3:      layout_loops_ring, mainiacjoe_overflow_paths,
          mainiacjoe_overflow_cross_hatched
D:4:      layout_basic, mainiacjoe_overflow_small_starburst, uniq_eustachio,
          uniq_sigmund

Skill      XL: |  1  2  3  4 |
---------------+-------------+-----
Spellcasting   | 1 |  1.5
Polearms       | 3 |  3.1
Fighting       | |  3.9
Dodging        | |  3.9
Shields        | |  3.9

Action                     |  1- 3 |  4- 6 || total
---------------------------+-------+-------++-------
  Melee: Trident           |    74 |    56 ||   130
         Constrict         |    15 |    10 ||    25
         Tentacles         |    14 |     7 ||    21
    Use: Potion            |       |     2 ||     2
   Stab: Sleeping          |     6 |     5 ||    11
 Armour: Skin              |    20 |    23 ||    43
  Dodge: Dodged            |    23 |    17 ||    40
  Block: Buckler           |     5 |     2 ||     7

Table legend: (Time is in decaauts)
 A = Elapsed time spent in this place.
 B = Non-inter-level travel time spent in this place.
 C = Inter-level travel time spent in this place.
 D = Time resting spent in this place.
 E = Time spent auto-exploring this place.
 F = Levels seen in this place.
 G = Mean time per level.
                   A        B        C        D        E       F      G
               +--------+--------+--------+--------+--------+-----+--------+
         Total |   2277 |   2230 |     47 |      0 |   1846 |   4 |  569.2 |
       Dungeon |   2277 |   2230 |     47 |      0 |   1846 |   4 |  569.2 |
               +--------+--------+--------+--------+--------+-----+--------+

Top non-repeatable levels by time:
     D:3: 834 daAuts
     D:2: 553 daAuts
     D:1: 455 daAuts
     D:4: 435 daAuts
